 Dungeon Crawl Stone Soup version 0.29-a0-1043-g569b05d6ff (webtiles) character file.

Game seed: 7582221004123865406

67406 wingedge the Eclecticist (level 14, -7/103 HPs)
             Began as a Mummy Necromancer on Aug 15, 2022.
             Was the Champion of Cheibriados.
             Mangled by an orc warrior
             ... wielding a +0 scimitar
              (22 damage)
             ... on level 1 of the Orcish Mines on Aug 16, 2022.
             The game lasted 02:12:11 (23881 turns).

wingedge the Eclecticist (Mummy Necromancer)       Turns: 23881, Time: 02:12:11

Health: -7/103     AC:  9    Str: 28    XL:     14   Next: 82%
Magic:  4/33       EV: 16    Int: 34    God:    Cheibriados [******]
Gold:   698        SH:  7    Dex: 28    Spells: 1/43 levels left

rFire   . . .      SeeInvis .   I - +11 mace of Wyrd {vamp, rPois rN+ Str+2}
rCold   + . .      Faith    .   A - +0 buckler
rNeg    + + +      Spirit   .   Y - +2 robe {rF+}
rPois   ∞          Reflect  .   z - +1 hat
rElec   .          Harm     .   s - +0 cloak
rCorr   .          Rampage  .   u - +0 pair of gloves
Will    +....                   j - +0 pair of boots
Stlth   +++.......              k - amulet of the acrobat
HPRegen 0.27/turn               r - +4 ring of slaying
MPRegen 0.23/turn               Q - ring of wizardry

@: death channelling, animating dead, producing miasma (expiring), studying
Transmutations, very slow
A: cold resistance 1, negative energy resistance 3, torment resistance 2, heat
vulnerability 1, in touch with death 2, no potions
a: Renounce Religion, Bend Time, Temporal Distortion, Slouch, Step From Time


You were on level 1 of the Orcish Mines.
You worshipped Cheibriados.
Cheibriados was exalted by your worship.
You visited 4 branches of the dungeon, and saw 20 of its levels.
You also visited: Sewer and Volcano.

You collected 1675 gold pieces.
You spent 977 gold pieces at shops.

Inventory:

Hand Weapons
 h - a +4 flail
 I - the +11 mace of Wyrd (weapon) {vamp, rPois rN+ Str+2}
   (You found it on level 6 of the Dungeon)

   It occasionally heals its wielder for a portion of the damage dealt when it
   wounds a living foe.
   Str:       It affects your strength (+2).
   rPois:     It protects you from poison.
   rN:        It protects you from negative energy.
 M - the +6 war axe of the Demagogue {vorpal, Will++ Dex-5 SInv Stlth+}
   (You found it on level 9 of the Dungeon)

   It inflicts extra damage upon your enemies.
   Dex:       It affects your dexterity (-5).
   SInv:      It lets you see invisible.
   Will:      It greatly increases your willpower.
   Stlth:     It makes you more stealthy.
Missiles
 t - 4 silver javelins
 v - 9 javelins
 D - 3 atropa-tipped darts
 S - 2 throwing nets
Armour
 a - a +0 kite shield
 b - a +0 crystal plate armour
 j - a +0 pair of boots (worn)
 s - a +0 cloak (worn)
 u - a +0 pair of gloves (worn)
 y - +0 steam dragon scales
 z - a +1 hat (worn)
 A - a +0 buckler (worn)
 F - a +4 ring mail of willpower
 J - an orb of guile
 L - +0 acid dragon scales
 O - a +1 robe of cold resistance
 X - a +2 chain mail of fire resistance
 Y - a +2 robe of fire resistance (worn)
 Z - a +2 plate armour of fire resistance
Jewellery
 c - a ring of ice
 k - an amulet of the acrobat (around neck)
 r - a +4 ring of slaying (left hand)
 G - an amulet of faith
 N - the ring of Vustrets {Ice rCorr Str+3}
   (You found it on level 5 of the Lair of Beasts)

   [ring of ice]

   It enhances your ice magic.
   Str:       It affects your strength (+3).
   rF:        It makes you vulnerable to fire.
   rC:        It protects you from cold.
   rCorr:     It protects you from acid and corrosion.
 Q - a ring of wizardry (right hand)
 T - an amulet of regeneration
Wands
 i - a wand of iceblast (15)
 l - a wand of flame (35)
 E - a wand of paralysis (19) (quivered)
 P - a wand of digging (3)
 R - a wand of mindburst (2)
 V - a wand of polymorph (9)
Scrolls
 d - 2 scrolls of blinking
 e - 5 scrolls of fear
 f - 4 scrolls of vulnerability
 g - 5 scrolls of noise
 m - 2 scrolls of immolation
 n - a scroll of amnesia
 o - a scroll of silence
 p - 3 scrolls of butterflies
 q - 3 scrolls of magic mapping
 w - 3 scrolls of poison
 x - a scroll of enchant armour
 B - a scroll of enchant weapon
 C - 4 scrolls of teleportation
 H - 3 scrolls of torment
 W - 2 scrolls of summoning {unknown}
Miscellaneous
 K - a tin of tremorstones (2/2)
 U - a condenser vane


   Skills:
 - Level 7.0 Fighting
 - Level 5.0 Maces & Flails
 - Level 6.0 Armour
 + Level 5.3 Dodging
 - Level 2.0 Stealth
 - Level 5.0 Shields
 - Level 15.0 Spellcasting
 - Level 8.0 Summonings
 - Level 14.0 Necromancy
 + Level 0.0 Translocations
 - Level 2.0 Ice Magic
 - Level 2.0 Air Magic
 - Level 3.0 Poison Magic
 - Level 7.0 Invocations


You had one spell level left.
You knew the following spells:

 Your Spells              Type           Power      Damage    Failure   Level
a - Necrotise             Necr           100%       1d9       0%          1
b - Vampiric Draining     Necr           100%       2d13      0%          3
c - Animate Dead          Necr           100%       N/A       1%          4
d - Agony                 Necr           100%       N/A       1%          5
e - Dispel Undead         Necr           100%       3d31      1%          4
f - Corpse Rot            Necr/Pois/Air  100%       N/A       1%          4
g - Death Channel         Necr           67%        N/A       1%          6
h - Haunt                 Necr/Summ      61%        N/A       8%          7
i - Simulacrum            Ice/Necr       55%        N/A       4%          6
j - Blink                 Tloc           50%        N/A       1%          2

Your spell library contained the following spells:

 Spells                   Type           Power      Damage    Failure   Level
 Freeze                   Ice            100%       1d11      1%          1
 Frozen Ramparts          Ice            78%        1d12      1%          3
 Ozocubu's Armour         Ice            39%        N/A       1%          3
 Summon Lightning Spire   Summ/Air       56%        N/A       1%          4
 Lesser Beckoning         Tloc           25%        N/A       2%          3
 Airstrike                Air            19%        2d(3-19)  3%          4
 Summon Forest            Summ/Tloc      26%        N/A       4%          5
 Hailstorm                Conj/Ice       32%        3d8       5%          4
 Petrify                  Tmut/Erth      25%        N/A       9%          4
 Lightning Bolt           Conj/Air       16%        1d30      16%         5
 Metabolic Englaciation   Hex/Ice        16%        N/A       16%         5
 Infestation              Necr           67%        N/A       16%         8
 Manifold Assault         Tloc           25%        N/A       22%         5
 Summon Hydra             Summ           34%        N/A       26%         7
 Eringya's Noxious Bog    Tmut/Pois      17%        N/A       52%         6
 Ice Form                 Ice/Tmut       Unusable   N/A       N/A         4
 Statue Form              Tmut/Erth      Unusable   N/A       N/A         6

Dungeon Overview and Level Annotations

Branches:
Dungeon (12/15)            Temple (1/1) D:4            Lair (5/5) D:10
  Swamp (0/4) Lair:2       Spider (0/4) Lair:2        Slime (0/5) Lair:4
    Orc (2/2) D:9           Sewer (visited)         Volcano (visited)
    Elf: Orc:2

Altars:
Ashenzari
Cheibriados
Dithmenos
Fedhas
Gozag
Hepliaklqana
Kikubaaqudgha
Makhleb
Nemelex Xobeh
Okawaru
Qazlal
Ru
Sif Muna
Trog
Uskayaw
Vehumet
Wu Jian
Xom
Yredelemnul
Jiyva

Shops:
D:1 ?   D:3 :   Orc:1 *

Portals:
Hell: Lair:5


Innate Abilities, Weirdness & Mutations

You are immune to poison.
Your flesh is cold resistant. (rC+)
You are immune to negative energy. (rN+++)
You are immune to unholy pain and torment.
You are vulnerable to heat. (rF-)
You are strongly in touch with the powers of death.
You do not drink.


Message History

Your spectral orc barely misses the orc.
The orc warrior hits your spectral orc with a +0 scimitar!
Your spectral orc is destroyed!
The orc hits your spectral orc with a +0 morningstar!
Your spectral orc is destroyed!
The orc priest calls down the wrath of Beogh upon you.
Beogh smites you! The orc warrior completely misses you.
Your orc zombie hits the orc knight but does no damage.
The orc knight is engulfed in dark miasma.
The orc knight looks as sick as possible!
The orc knight barely misses you.
Casting: Corpse Rot (mildly dangerous; 1% risk of failure)
Confirm with . or Enter, or press ? or * to list all spells.
Aiming: Haunt (dangerous; 8% risk of failure)
Press: ? - help, Dir - move target
Okay, then.
Your orc zombie misses the orc.
Your spectral orc hits the orc.
The orc hits your orc zombie with a +0 dagger.
You block the orc's attack.
The orc warrior hits your orc zombie with a +0 scimitar!!
Your orc zombie is destroyed!
The orc warrior hits you with a +0 scimitar!!
The orc warrior barely misses you.
You climb upwards.
Your mindless puppet stays behind to rot.
Reactivating autopickup.
There is a stone staircase leading down here.
Casting: Haunt (dangerous; 8% risk of failure)
Confirm with . or Enter, or press ? or * to list all spells.
Okay, then.
Casting: Haunt (dangerous; 8% risk of failure)
Confirm with . or Enter, or press ? or * to list all spells.
Aiming: Haunt (dangerous; 8% risk of failure)
Press: ? - help, Dir - move target, f - orc knight
Aim: an orc knight, wielding a +3 dire flail and wearing a +0 chain mail (severely wounded, extremely poisoned, slow)
You feel a strong surge of power!
Insubstantial figures form in the air.
The orc knight hits you with a +3 dire flail!!
* * * LOW HITPOINT WARNING * * *
The orc warrior hits you with a +0 scimitar!!
You die...

#...........#....##
##...............##
####.............#
##.#..PP.#.......#
#....P∩.........##
##...P.P.........#
##............W.#
##....##..#..W.W##
#......###...o@<#
##......###W..oo##
#........#...WW.#
###..............##
##.#...............#
#..................#
##.................#
###..............##
##......#.....##


You could see an orc knight (extremely poisoned, slow, ally target), an orc
warrior (strong), an orc (strong), a friendly shadow wraith (summoned,
invisible), a friendly phantasmal warrior (summoned), 3 friendly freezing
wraiths and a friendly wraith (summoned).

Vanquished Creatures
  A dire elephant (Lair:5)
  Fannar (D:10)
  4 hydras
  3 two-headed ogres
  3 death yaks (Lair:4)
  A salamander mystic (Volcano)
  3 skeletal warriors (D:12)
  A swamp dragon (shapeshifter) (D:9)
  An ugly thing (D:12)
  A salamander (Volcano)
  A cyclops (D:12)
  2 black mambas
  3 elephants
  5 cane toads
  Maurice (D:12)
  2 gargoyles
  An unseen horror (D:12)
  3 rime drakes
  5 komodo dragons
  2 trolls
  A queen bee (D:9)
  3 nameless horrors
  A hornet (D:7)
  A wolf spider simulacrum (D:12)
  5 blink frogs
  Sigmund (D:5)
  4 wraiths
  22 yaks
  2 wyverns
  2 basilisks
  A steam dragon (D:8)
  2 vampire mosquitoes (D:10)
  7 acid dragons
  9 water moccasins
  2 orc warriors (D:8)
  3 ice beasts
  A sky beast (D:7)
  Pargi (Sewer)
  2 black bears
  2 centaurs (D:7)
  12 wolves (Lair:2)
  A phantom (D:6)
  A kobold brigand (D:9)
  6 bullfrogs
  A necrophage (D:6)
  2 scorpions (D:4)
  3 wights (D:6)
  13 killer bees (D:9)
  7 electric eels (D:11)
  A howler monkey (D:11)
  4 wolf zombies (Lair:2)
  A lava snake (D:7)
  3 hounds
  A jelly (D:5)
  2 orc priests
  2 gnoll boudas
  5 iguanas
  Ijyb (D:5)
  4 orc wizards
  9 gnolls
  16 adders
  2 white imps (D:7)
  4 worms
  2 dart slugs
  31 orcs
  3 bats
  6 endoplasms
  A giant cockroach (D:3)
  6 goblins
  9 hobgoblins
  5 jackals
  4 quokkas
  11 ball pythons
  11 frilled lizards
  9 kobolds
  3 rats
318 creatures vanquished.

Vanquished Creatures (collateral kills)
  Harold (Lair:1)
  6 hydras
  2 catoblepae
  3 death yaks
  Urug (Lair:3)
  A sun demon (Lair:5)
  Amaemon (Lair:3)
  An orb spider (Lair:2)
  2 wizards
  A deep elf pyromancer (Volcano)
  An orc knight (Volcano)
  2 salamanders (Volcano)
  3 cyclopes (Volcano)
  11 elephants
  3 molten gargoyles (Volcano)
  2 gargoyles (Volcano)
  6 orange demons
  9 cane toads
  2 rime drakes (Lair:5)
  6 komodo dragons
  An unseen horror (D:10)
  A hellwing (Lair:5)
  An ice devil (Lair:5)
  A troll (D:12)
  Grinder (D:4)
  A polar bear (Lair:5)
  11 blink frogs
  36 yaks
  4 wyverns
  A vampire mosquito (D:10)
  4 swamp worms (Lair:2)
  2 acid dragons
  2 orc warriors
  3 hell hounds (Lair:5)
  5 water moccasins
  2 ogres (D:5)
  16 wolves (Lair:2)
  A centaur (D:10)
  A bullfrog (Lair:1)
  A wight (D:6)
  A killer bee (D:9)
  An electric eel (Lair:5)
  A howler monkey (D:9)
  A jelly (D:6)
  2 orc priests
  An iguana (D:5)
  2 adders
  A dart slug (D:4)
  12 orcs
  An endoplasm (D:3)
  A goblin (D:4)
  A quokka (D:5)
  A ball python (D:2)
  A kobold (D:2)
  A rat (D:1)
187 creatures vanquished.

Vanquished Creatures (others)
  An ugly thing zombie (D:12)
  An unseen horror zombie (D:10)
  A swamp worm zombie (Lair:2)
  2 hydra zombies (Lair:5)
  3 cane toad zombies
  A swamp dragon zombie (D:9)
  2 elephant zombies (Lair:1)
  A blink frog zombie (Lair:5)
  A rime drake zombie (Lair:5)
  2 vampire mosquito zombies (D:10)
  A komodo dragon zombie (Lair:2)
  A wyvern zombie (Lair:5)
  A cyclops zombie (Volcano)
  13 yak zombies
  19 wolf zombies (Lair:2)
  A bullfrog zombie (Lair:1)
  A scorpion zombie (D:4)
  3 acid dragon zombies
  A howler monkey zombie (D:11)
  15 orc zombies
  74 fungi
  72 plants
217 creatures vanquished.

Grand Total: 722 creatures vanquished

Notes
Turn   | Place    | Note
-------+----------+-------------------------------------------
     0 | D:1      | wingedge the Mummy Necromancer began the quest for the Orb.
     0 | D:1      | Reached XP level 1. HP: 13/13 MP: 4/4
   182 | D:1      | Reached skill level 3 in Spellcasting
   267 | D:1      | Reached skill level 1 in Fighting
   321 | D:1      | Found a faded altar of an unknown god.
   329 | D:1      | Reached XP level 2. HP: 21/21 MP: 0/6
  1100 | D:1      | Found Ysiass's Magic Scroll Shoppe.
  1108 | D:1      | Bought a scroll of identify for 26 gold pieces
  1108 | D:1      | Bought a scroll of identify for 26 gold pieces
  1108 | D:1      | Bought a scroll of noise for 13 gold pieces
  1484 | D:2      | Gained mutation: You are in touch with the powers of death.
                  | [Mummy growth]
  1484 | D:2      | Reached XP level 3. HP: 24/27 MP: 5/7
  1489 | D:2      | Learned a level 3 spell: Vampiric Draining
  1544 | D:2      | Reached skill level 4 in Spellcasting
  1544 | D:2      | Reached XP level 4. HP: 14/33 MP: 1/10
  2677 | D:3      | Found an iron altar of Okawaru.
  2918 | D:3      | Reached skill level 5 in Necromancy
  2918 | D:3      | Reached XP level 5. HP: 35/38 MP: 0/11
  3017 | D:3      | Found a glowing drain.
  3023 | D:3      | Found Tyxt's Book Shoppe.
  3050 | Sewer    | Entered a sewer
  3268 | Sewer    | Noticed Pargi
  3281 | Sewer    | Killed Pargi
  3282 | Sewer    | Reached XP level 6. HP: 25/47 MP: 0/12
  3554 | D:3      | Learned a level 4 spell: Animate Dead
  4316 | D:4      | Found a staircase to the Ecumenical Temple.
  4323 | Temple   | Entered the Ecumenical Temple
  4411 | Temple   | Became a worshipper of Cheibriados the Contemplative
  4877 | D:4      | Noticed an acid dragon
  4887 | D:4      | Killed an acid dragon
  4888 | D:4      | Reached skill level 5 in Spellcasting
  5181 | D:4      | Reached skill level 1 in Invocations
  5181 | D:4      | Reached XP level 7. HP: 50/52 MP: 2/14
  5337 | D:4      | Noticed Grinder
  5341 | D:4      | Paralysed by Grinder for 2 turns
  5346 | D:4      | Killed Grinder
  5347 | D:4      | Reached skill level 6 in Spellcasting
  5538 | D:4      | Reached skill level 7 in Spellcasting
  5845 | D:4      | Reached * piety under Cheibriados
  6014 | D:4      | Found a shimmering altar of Xom.
  6017 | D:4      | Found a burning altar of Makhleb.
  6024 | D:4      | Found a sacrificial altar of Ru.
  6115 | D:5      | Entered Level 5 of the Dungeon
  6212 | D:5      | Found a shimmering blue altar of Sif Muna.
  6257 | D:5      | Reached XP level 8. HP: 51/60 MP: 1/19
  6556 | D:5      | Reached skill level 8 in Spellcasting
  6562 | D:5      | Learned a level 5 spell: Agony
  6757 | D:5      | Reached skill level 1 in Armour
  6803 | D:5      | Noticed Sigmund
  6814 | D:5      | Killed Sigmund
  6964 | D:5      | Noticed Ijyb
  6974 | D:5      | Killed Ijyb
  7150 | D:6      | Found a stormy altar of Qazlal.
  7298 | D:6      | Reached skill level 9 in Spellcasting
  7664 | D:6      | Identified the +1 robe of the Known World {rF- rC+ Int+2}
  7800 | D:6      | Reached skill level 5 in Fighting
  7800 | D:6      | Reached XP level 9. HP: 68/68 MP: 12/22
  7941 | D:6      | Found a blossoming altar of Fedhas.
  7950 | D:6      | Identified the +11 mace of Wyrd {vamp, rPois rN+ Str+2}
  7998 | D:6      | Reached ** piety under Cheibriados
  8204 | D:7      | Found a hide-covered altar of Uskayaw.
  8436 | D:7      | Reached skill level 1 in Summonings
  9280 | D:8      | Reached *** piety under Cheibriados
  9518 | D:8      | Noticed a two-headed ogre
  9532 | D:8      | Killed a two-headed ogre
  9533 | D:8      | Reached skill level 10 in Spellcasting
  9533 | D:8      | Reached skill level 1 in Maces & Flails
  9533 | D:8      | Reached XP level 10. HP: 74/74 MP: 18/24
 10105 | D:3      | Bought a book of Decay for 408 gold pieces
 10110 | D:3      | Learned a level 4 spell: Dispel Undead
 10115 | D:3      | Learned a level 4 spell: Corpse Rot
 10122 | D:3      | Learned a level 6 spell: Death Channel
 10604 | D:9      | Identified the +6 war axe of the Demagogue {vorpal, Will++
                  | Dex-5 SInv Stlth+}
 10805 | D:9      | Noticed a swamp dragon
 10818 | D:9      | Killed a swamp dragon
 10819 | D:9      | Reached skill level 1 in Air Magic
 10819 | D:9      | Reached skill level 1 in Poison Magic
 11009 | D:9      | Found a staircase to the Orcish Mines.
 11277 | D:9      | Reached **** piety under Cheibriados
 11368 | D:9      | Noticed a two-headed ogre
 11376 | D:9      | Killed a two-headed ogre
 11654 | D:10     | Entered Level 10 of the Dungeon
 11751 | D:10     | Noticed a two-headed ogre
 11756 | D:10     | Reached skill level 10 in Necromancy
 11760 | D:10     | Killed a two-headed ogre
 11761 | D:10     | Reached skill level 1 in Ice Magic
 11761 | D:10     | Reached XP level 11. HP: 62/81 MP: 1/25
 11918 | D:10     | Reached ***** piety under Cheibriados
 11961 | D:10     | Found a staircase to the Lair.
 12076 | D:10     | Noticed Fannar
 12087 | D:10     | Killed Fannar
 12354 | D:11     | Found a broken altar of Ashenzari.
 12428 | D:11     | Reached skill level 5 in Invocations
 13741 | D:12     | Noticed a skeletal warrior
 13741 | D:12     | Noticed a skeletal warrior
 13742 | D:12     | Noticed a skeletal warrior
 13746 | D:12     | Killed a skeletal warrior
 13747 | D:12     | Killed a skeletal warrior
 13748 | D:12     | Reached skill level 5 in Summonings
 13750 | D:12     | Killed a skeletal warrior
 14155 | D:12     | Noticed a seven-headed hydra
 14164 | D:12     | Killed a seven-headed hydra
 14172 | D:12     | Noticed a brown ugly thing
 14175 | D:12     | Killed a brown ugly thing
 14363 | D:12     | Reached XP level 12. HP: 55/91 MP: 21/26
 14553 | D:12     | Noticed Maurice
 14566 | D:12     | Killed Maurice
 14755 | D:12     | Reached skill level 11 in Spellcasting
 15101 | Lair:1   | Entered Level 1 of the Lair of Beasts
 15510 | Lair:1   | Noticed a six-headed hydra
 15515 | Lair:1   | Killed a six-headed hydra
 15601 | Lair:1   | Reached skill level 5 in Maces & Flails
 15791 | Lair:1   | Noticed Harold
 15799 | Lair:1   | Killed Harold
 15800 | Lair:1   | Reached skill level 12 in Spellcasting
 15808 | Lair:1   | Learned a level 7 spell: Haunt
 16465 | Lair:2   | Found an ancient bone altar of Kikubaaqudgha.
 16673 | Lair:2   | Found a hole to the Spider Nest.
 16982 | Lair:2   | Reached ****** piety under Cheibriados
 17011 | Lair:2   | Gained mutation: You are strongly in touch with the powers
                  | of death. [Mummy growth]
 17011 | Lair:2   | Reached XP level 13. HP: 89/96 MP: 21/29
 17827 | Lair:2   | Reached skill level 5 in Dodging
 17948 | Lair:2   | Found a staircase to the Swamp.
 18289 | Lair:3   | Noticed Urug
 18294 | Lair:3   | Killed Urug
 18295 | Lair:3   | Reached skill level 13 in Spellcasting
 18583 | Lair:3   | Noticed Amaemon
 18593 | Lair:3   | Killed Amaemon
 18707 | Lair:3   | Reached skill level 5 in Armour
 19388 | Lair:4   | Reached skill level 1 in Shields
 20150 | Lair:4   | Found a viscous altar of Jiyva.
 20153 | Lair:4   | Found a staircase to the Slime Pits.
 20393 | Lair:5   | Entered Level 5 of the Lair of Beasts
 20409 | Lair:5   | Reached skill level 14 in Spellcasting
 20410 | Lair:5   | Reached XP level 14. HP: 66/103 MP: 1/32
 20601 | Lair:5   | Found a dark tunnel.
 20611 | Volcano  | Entered a volcano
 20619 | Volcano  | Learned a level 6 spell: Simulacrum
 20784 | Volcano  | Reached skill level 5 in Shields
 21174 | Volcano  | Noticed an orb of fire
 21182 | Volcano  | Noticed an orb of fire
 22871 | Lair:5   | Reached skill level 15 in Spellcasting
 22879 | Lair:5   | Learned a level 2 spell: Blink
 23012 | Lair:5   | Found a burning altar of Makhleb.
 23018 | Lair:5   | Found a gateway to Hell.
 23025 | Lair:5   | Identified the ring of Vustrets {Ice rCorr Str+3}
 23399 | Orc:1    | Entered Level 1 of the Orcish Mines
 23407 | Orc:1    | Found Peitilof's Assorted Antiques.
 23605 | D:3      | Bought a Fen Folio for 504 gold pieces
 23868 | Orc:2    | Entered Level 2 of the Orcish Mines
 23881 | Orc:1    | Mangled by an orc warrior

Illustrated notes

Levels and vault maps discovered:
D:1:      sevenhm_arrival_forest_fort_large_2, layout_rooms, serial_shops,
          nicolae_shop_crystal, nicolae_ecumenical_lake_church,
          minmay_door_square
D:2:      layout_basic, minmay_box_of_dots
D:3:      layout_basic, kennysheep_okawaru_gauntlet,
          cheibrodos_sewer_entry_drain, serial_shops, nicolae_shop_crystal
D:4:      layout_loops_corners, grunt_temple_overflow_diamond,
          minmay_temple_entry_wispy, uniq_grinder
D:5:      layout_loops_cross, old_standard_altar, uniq_sigmund, uniq_ijyb
D:6:      layout_rooms, mainiacjoe_overflow_brackets,
          grunt_temple_overflow_forces_of_nature
D:7:      layout_basic, nicolae_uskayaw_suspiria, kennysheep_windowed_goal
D:8:      layout_loops_cross
D:9:      layout_roguey, orc_0_dummy, special_room [special_room_bee]
D:10:     layout_rooms, lair_entry_dummy, uniq_fannar
D:11:     layout_basic, ashenzari_conservatory_becter
D:12:     layout_basic, uniq_maurice
Temple:   oiseaux_autumnal_temple
Lair:1:   layout_roguey, uniq_harold
Lair:2:   layout_chaotic_city, palyth_hydra_swamp_entry,
          nicolae_spider_entry_orb_guardian, basic_altar,
          grunt_forest_large_clearings
Lair:3:   layout_cave_pods, chequers_serial_rivers_micro_d,
          chequers_serial_rivers_room_b, lemuel_fruit_tree, uniq_urug,
          uniq_amaemon
Lair:4:   layout_roguey, slime_entry_1
Lair:5:   evil_forest, layout_loops_ring, nicolae_volcano_entry_hallway,
          nicolae_lair_lil_pond, serial_bayou_crossing
Orc:1:    layout_caves, biasface_ghost_orc_armoury, serial_shops,
          nicolae_shop_overgrown_old_shop
Orc:2:    grunt_orc_gardens, layout_caves, grunt_orc_garden, grunt_orc_garden,
          grunt_orc_garden, grunt_orc_garden

Skill      XL: |  1  2  3  4  5  6  7  8  9 10 11 12 13 14 |
---------------+-------------------------------------------+-----
Spellcasting   | 3 4 5 7 9 10 12 14 15 | 15.0
Fighting       | 1 2 3 4 5 6 7 |  7.0
Dodging        | 2 3 4 5 |  5.3
Stealth        | 2 |  2.0
Necromancy     | 5 6 7 9 10 11 12 14 | 14.0
Invocations    | 1 3 4 5 6 7 |  7.0
Armour         | 1 3 4 5 6 |  6.0
Summonings     | 2 4 7 8 |  8.0
Maces & Flails | 2 5 |  5.0
Air Magic      | 1 2 |  2.0
Poison Magic   | 1 3 |  3.0
Ice Magic      | 2 |  2.0
Shields        | 3 5 |  5.0

Action                   |  1- 3 |  4- 6 |  7- 9 | 10-12 | 13-15 || total
-------------------------+-------+-------+-------+-------+-------++-------
Melee: Dagger            |    13 |     5 |       |       |       ||    18
       Mace              |       |    18 |    24 |   175 |   133 ||   350
       Hand axe          |       |     1 |    71 |       |       ||    72
       Punch             |       |       |     1 |     1 |     1 ||     3
Throw: Javelin           |       |       |     2 |     1 |     1 ||     4
       Dart              |       |       |     1 |     1 |       ||     2
       Throwing net      |       |       |     1 |       |       ||     1
 Cast: Necrotise         |    51 |    76 |    37 |    17 |     1 ||   182
       Vampiric Draining |       |    26 |    74 |    60 |    39 ||   199
       Animate Dead      |       |     2 |     7 |     8 |    13 ||    30
       Agony             |       |       |       |    18 |     6 ||    24
       Dispel Undead     |       |       |       |    14 |       ||    14
       Corpse Rot        |       |       |       |    11 |    11 ||    22
       Death Channel     |       |       |       |     9 |    23 ||    32
       Haunt             |       |       |       |     3 |    34 ||    37
       Simulacrum        |       |       |       |       |     6 ||     6
Invok: Bend Time         |       |       |       |     2 |     1 ||     3
       Temporal Distorti |       |       |       |     1 |       ||     1
       Slouch            |       |       |       |       |     1 ||     1
Evoke: Wand              |       |     3 |     2 |     2 |     5 ||    12
       Tin of tremorston |       |       |       |     2 |     2 ||     4
       Condenser vane    |       |       |       |       |     1 ||     1
  Use: Scroll            |     2 |     3 |     2 |     2 |     9 ||    18
 Stab: Sleeping          |     1 |     2 |       |     1 |     2 ||     6
       Distracted        |       |       |     1 |     5 |     6 ||    12
       Paralysed         |       |       |       |     5 |       ||     5
Armor: Robe              |     5 |     2 |       |       |     1 ||     8
       Leather armour    |       |    10 |       |       |       ||    10
       Ring mail         |       |       |    78 |   139 |   112 ||   329
Dodge: Dodged            |    17 |    41 |   169 |   341 |   275 ||   843
Block: Buckler           |       |       |       |       |    57 ||    57

Table legend: (Time is in decaauts)
 A = Elapsed time spent in this place.
 B = Non-inter-level travel time spent in this place.
 C = Inter-level travel time spent in this place.
 D = Time resting spent in this place.
 E = Time spent auto-exploring this place.
 F = Levels seen in this place.
 G = Mean time per level.
                   A        B        C        D        E       F      G
               +--------+--------+--------+--------+--------+-----+--------+
         Total |  31595 |  28813 |   2782 |   4566 |  17869 |  22 | 1436.1 |
       Dungeon |  18562 |  16405 |   2157 |   2894 |   9575 |  12 | 1546.8 |
        Temple |    329 |    287 |     42 |      0 |    262 |   1 |  329.0 |
          Lair |  10830 |  10293 |    537 |   1043 |   7359 |   5 | 2166.0 |
  Orcish Mines |    229 |    184 |     45 |      0 |    167 |   2 |  114.5 |
         Sewer |    509 |    509 |      0 |    326 |     28 |   1 |  509.0 |
       Volcano |   1134 |   1134 |      0 |    303 |    476 |   1 | 1134.0 |
               +--------+--------+--------+--------+--------+-----+--------+

Top non-repeatable levels by time:
  Lair:5: 2804 daAuts
  Lair:2: 2215 daAuts
     D:4: 2152 daAuts
  Lair:1: 2142 daAuts
  Lair:3: 2028 daAuts
    D:12: 1960 daAuts
    D:11: 1905 daAuts
     D:9: 1770 daAuts
     D:7: 1767 daAuts
  Lair:4: 1640 daAuts
     D:5: 1597 daAuts
     D:1: 1481 daAuts
     D:8: 1380 daAuts
     D:3: 1280 daAuts
     D:2: 1195 daAuts
